cohdb
Replays
Latest Replays
All Replays
Popular Replays
Top Player Replays
Match Explorer
How It Works
Community
CoH3 Stats
Reddit
Sign in to upload your games and track your stats! →
Sign in with Steam
Match 42079428
Unlisted
Match 42079428
Overview
Messages
Build Orders
End
Panzergrenadier Squad
Selects Italian Infantry
250 Light Carrier
Panzergrenadier Squad
Construct Light Support Kompanie
Combat Half-tracks
MG34 Team
Selects Defensive Operations
Construct Mechanized Kompanie
Support Armor Elements
Selects Guastatori Squad
Pak 38 Mechanized Group
StuG III D Assault Gun
Selects Registered Artillery
Guastatori Squad
Construct Panzerarmee Kommand
Registered Artillery
Armored Reserves
Selects Towed Cannone da 105/28 Field Howitzer
Towed Cannone da 105/28 Field Howitzer
Panzer IV Assault Group
Selects Prepared Positions
homig
kerem
Meat Rockets Blasting Off Again!
sunsetistaken
apicton
15231256
[078]Eric(NL)
Master Splinter
0
0
Comments
sign in to comment!
No comments posted yet!